 Dungeon Crawl Stone Soup version 0.28.0-47-ge53b351184 (webtiles) character file.

Game seed: 12450287800556372145

40 NinjaNoafa the Chiller (level 3, -11/27 HPs)
             Began as a Draconian Ice Elementalist on Apr 25, 2022.
             Mangled by an ogre
             ... wielding a +0 giant club
              (26 damage)
             ... on level 2 of the Dungeon.
             The game lasted 00:04:15 (1700 turns).

NinjaNoafa the Chiller (Draconian Ice Elementalist) Turns: 1700, Time: 00:04:15

Health: -11/27     AC:  5    Str:  7 (10) XL:     3   Next: 30%
Magic:  6/6        EV: 12    Int: 14 (17) God:
Gold:   63         SH:  0    Dex: 10 (11) Spells: 5/6 levels left

rFire   . . .      SeeInvis .   e - +0 demon blade (vamp)
rCold   . . .      Faith    .   (no shield)
rNeg    . . .      Spirit   .   (armour unavailable)
rPois   .          Reflect  .   (helmet restricted)
rElec   .          Harm     .   (no cloak)
rCorr   .          Rampage  .   (no gloves)
Will    .....                   (no boots)
Stlth   ++........              (no amulet)
HPRegen 0.09/turn               (no ring)
MPRegen 0.10/turn               (no ring)

@: no status effects
A: AC +5, unfitting armour, cold-blooded
a: no special abilities


You were on level 2 of the Dungeon.
You visited 1 branch of the dungeon, and saw 2 of its levels.

You collected 63 gold pieces.

Inventory:

Hand Weapons
 d - a +0 dagger
 e - a +0 vampiric demon blade (weapon)
Missiles
 a - 19 stones


   Skills:
 * Level 0.7 Fighting
 * Level 0.6 Long Blades
 + Level 2.1 Dodging
 - Level 2.0 Stealth
 + Level 2.3 Spellcasting
 - Level 1.0 Conjurations
 + Level 4.2 Ice Magic


You had 5 spell levels left.
You knew the following spells:

 Your Spells              Type           Power      Damage    Failure   Level
a - Freeze                Ice            52%        1d7       4%          1

Your spell library contained the following spells:

 Spells                   Type           Power      Damage    Failure   Level
 Frozen Ramparts          Ice            26%        1d4       12%         3
 Ozocubu's Armour         Ice            13%        N/A       12%         3
 Hailstorm                Conj/Ice       9%         3d4       61%         4


Dungeon Overview and Level Annotations

Branches:
Dungeon (2/15)

Altars:


Innate Abilities, Weirdness & Mutations

Your plain brown scales are hard. (AC +5)
You cannot fit into any form of body armour.
You are cold-blooded and may be slowed by cold attacks.


Message History

You now have 63 gold pieces (gained 9).
An endoplasm comes into view.
The endoplasm quivers.
The endoplasm hits you but does no damage.
You freeze the endoplasm.
You kill the endoplasm!
An ogre comes into view. It is wielding a +0 giant club.
It was a potion of degeneration.
There was something very wrong with that liquid.
You feel weakened.
You feel dopey.
You feel clumsy.
You freeze the ogre.
The ogre is lightly wounded.
The ogre hits you with a +0 giant club!
Ouch! That really hurt!
As you read the scroll labelled QAOBLA AKA, it crumbles to dust.
It is a scroll of brand weapon.
Your +0 demon blade thirsts for the lives of mortals!
e - a +0 vampiric demon blade (weapon)
Okay, then.
Found a stone staircase leading up.
There is a stone staircase leading up here.
The ogre barely misses you.
Found a scroll labelled NEFICOEMING.
You see here a scroll labelled NEFICOEMING.
b - a scroll labelled NEFICOEMING The ogre hits you with a +0 giant club.
As you read the scroll labelled NEFICOEMING, it crumbles to dust.
You feel aware of your surroundings.
You sensed 1 altar.
It was a scroll of magic mapping.
The ogre misses you.
A ball python comes into view.
The ball python hisses angrily.
You barely miss the ball python.
The ball python bites you but does no damage.
The ball python misses you. The ball python closely misses you.
The ball python misses you. The ogre misses you.
You slash the ball python!
You feel better.
You kill the ball python!
The ogre hits you with a +0 giant club!!
Ouch! That really hurt!
You die...

***,**,* *,*
#.....#
*,**,****,*
#####.#
*,,,,,,,,,* #.#
****,****** #.#
*,* #.# *,* #.#
*,* #.#
*,**##########.#
*,,,......†@O..#
****############


You could see an ogre.

Vanquished Creatures
  An adder (D:2)
  3 dart slugs (D:1)
  6 ball pythons
  2 bats (D:1)
  4 endoplasms
  A giant cockroach (D:1)
  3 hobgoblins (D:1)
  2 frilled lizards (D:1)
  A kobold (D:1)
  3 rats
26 creatures vanquished.

Notes
Turn   | Place    | Note
-------+----------+-------------------------------------------
     0 | D:1      | NinjaNoafa the Draconian Ice Elementalist began the quest
                  | for the Orb.
     0 | D:1      | Reached XP level 1. HP: 14/14 MP: 3/3
   244 | D:1      | Reached XP level 2. HP: 19/20 MP: 3/5
  1412 | D:1      | Upgraded the game from 0.28.0-45-g0d030f2227 to
                  | 0.28.0-47-ge53b351184
  1465 | D:2      | Reached XP level 3. HP: 27/27 MP: 3/6
  1472 | D:2      | Reached skill level 1 in Conjurations
  1628 | D:2      | Noticed an ogre
  1700 | D:2      | Mangled by an ogre

Illustrated notes

Levels and vault maps discovered:
D:1:      minmay_arrival_doors, layout_basic, minmay_misc_feat_columns,
          skrybe_limestone_x
D:2:      layout_loops_ring, shapermc_ecumenical_altar_mp_vishouse

Skill      XL: |  1  2  3 |
---------------+----------+-----
Stealth        | 2 |  2.0
Dodging        | 2 |  2.1
Conjurations   | 1 |  1.0
Fighting       | |  0.7
Long Blades    | |  0.6
Spellcasting   | |  2.3
Ice Magic      | |  4.2

Action                   || total
-------------------------++-------
Melee: Club              ||     7
       Unarmed           ||     1
       Demon blade       ||    20
       Dagger            ||     4
       Tailslap          ||     2
 Cast: Freeze            ||    25
  Use: Scroll            ||     2
       Potion            ||     1
 Stab: Sleeping          ||     1
Armor: Skin              ||    13
Dodge: Dodged            ||    30
